Map: Ulrena

Players

MaxCon - Winner!

  • Race: Protoss Protoss
  • League: Bronze

Aubec

  • Race: Zerg Zerg
  • League: Silver

VOD

Have the link to the VOD?

Description

Time

  • Played on: Dec. 8, 2015, 8:05 p.m.
  • Length: 16:42
Show
View Real Time Build Order
Export as new Build Order

MaxCon Protoss - Winner!

Build Orders:  

Get SALT Encoding   

  12  0:01  Probe (Chrono Boost)  
  13  0:11  Probe (Chrono Boost)  
  14  0:23  Pylon  
  14  0:25  Probe (Chrono Boost)  
  15  0:41  Probe (Chrono Boost)  
  16  0:45  Gateway  
  16  0:52  Probe (Chrono Boost)  
  17  0:59  Assimilator  
  17  1:02  Probe (Chrono Boost)  
  18  1:28  Probe (Chrono Boost)  
  19  1:38  Cybernetics Core  
  19  1:40  Pylon  
  19  1:48  Assimilator  
  19  1:49  Nexus  
  19  1:56  Probe (Chrono Boost)  
  20  2:07  Pylon  
  20  2:08  Probe (Chrono Boost)  
  21  2:14  Adept (Chrono Boost)  
  23  2:18  Mothership Core (Chrono Boost)  
  25  2:29  Warp Gate (Chrono Boost)  
  25  2:37  Pylon  
  25  2:39  Probe  
  25  2:42  Stalker (Chrono Boost)  
  29  2:51  Probe  
  29  2:59  Gateway  
  29  3:05  Pylon  
  29  3:07  Probe  
  30  3:28  Robotics Facility  
  30  3:30  Probe  
  30  3:31  Probe  
  32  3:35  Stalker (Chrono Boost)  
  34  3:50  Pylon  
  34  3:53  Probe x2  
  36  3:56  Sentry (Chrono Boost)  
  38  4:09  Assimilator  
  38  4:12  Assimilator  
  32  4:19  Immortal (Chrono Boost)  
  32  5:03  Immortal (Chrono Boost)  
  36  5:12  Stalker x2  
  38  5:30  Gateway  
  38  5:31  Gateway  
  38  5:33  Probe x2  
  40  5:37  Stalker x2  
  44  5:45  Probe x2  
  46  5:57  Probe x2  
  46  5:58  Observer (Chrono Boost)  
  49  6:06  Twilight Council  
  49  6:09  Probe  
  48  6:31  Immortal (Chrono Boost)  
  48  6:39  Stalker x2  
  56  6:45  Blink (Chrono Boost)  
  56  6:49  Zealot x2  
  60  7:02  Probe x2  
  60  7:05  Immortal  
  62  7:14  Probe x2, Pylon  
  68  7:30  Forge  
  68  7:33  Stalker x2  
  68  7:35  Sentry  
  68  7:36  Sentry  
  76  7:43  Immortal  
  76  7:50  Probe  
  81  8:05  Photon Cannon  
  81  8:07  Photon Cannon  
  81  8:09  Probe x2  
  83  8:26  Protoss Ground Weapons Level 1 (Chrono Boost)  
  83  8:40  Robotics Bay  
  83  8:42  Probe x2  
  85  9:01  Pylon  
  85  9:03  Pylon  
  77  9:29  Stalker, Disruptor (Chrono Boost)  
  77  9:30  Stalker x2  
  83  9:31  Stalker  
  83  9:35  Observer Gravitic Boosters (Chrono Boost)  
  88  9:53  Nexus  
  88  9:56  Pylon  
  88  10:05  Protoss Ground Armor Level 1 (Chrono Boost)  
  83  10:51  Stalker x2  
  83  10:52  Stalker x2  
  83  10:57  Gateway  
  91  10:58  Gateway  
  91  11:00  Gateway  
  91  11:01  Pylon  
  91  11:04  Assimilator  
  91  11:06  Assimilator  
  91  11:13  Probe  
  91  11:14  Probe x2  
  91  11:17  Disruptor (Chrono Boost)  
  97  11:27  Dark Shrine  
  97  11:40  Robotics Facility  
  97  11:56  Protoss Ground Weapons Level 2  
  97  12:03  Stalker x2  
  97  12:04  Stalker x2  
  105  12:15  Disruptor (Chrono Boost)  
  108  12:18  Stalker x2  
  108  12:19  Stalker  
  110  12:44  Warp Prism (Chrono Boost)  
  106  13:35  Dark Templar x4  
  106  13:36  Dark Templar x3  
  120  13:56  Pylon  
  120  14:00  Photon Cannon  
  120  14:02  Pylon, Photon Cannon  
  120  14:15  Photon Cannon  
  117  14:48  Pylon  
  103  15:03  Dark Templar  
  103  15:04  Dark Templar x6  
  87  16:07  Stalker  
Show
View Real Time Build Order
Export as new Build Order

Aubec Zerg 

Build Orders: Hatch First 

Get SALT Encoding   

  12  0:01  Drone  
  13  0:08  Drone  
  14  0:18  Extractor  
  14  0:19  Drone  
  14  0:21  Extractor  
  13  0:22  Drone  
  13  0:28  Overlord  
  16  0:46  Drone x2  
  18  0:56  Drone  
  19  1:02  Hatchery  
  18  1:06  Drone  
  19  1:16  Drone  
  20  1:20  Spawning Pool  
  19  1:35  Drone, Extractor  
  20  1:40  Drone  
  20  1:49  Drone  
  21  2:00  Drone  
  22  2:05  Hatchery  
  21  2:12  Zergling x2  
  21  2:14  Roach Warren, Zergling x2  
  22  2:24  Zergling x2  
  22  2:26  Zergling x2  
  24  2:32  Zergling x2  
  24  2:36  Zergling x2  
  26  2:48  Overlord  
  26  2:58  Lair  
  26  3:00  Zergling x2  
  26  3:01  Zergling x2  
  28  3:06  Roach  
  28  3:10  Roach x2  
  34  3:18  Drone  
  35  3:29  Roach x2  
  35  3:30  Overlord  
  39  3:39  Drone  
  40  3:57  Hatchery  
  40  4:00  Glial Reconstitution  
  39  4:03  Drone  
  39  4:04  Drone  
  36  4:24  Zergling x12  
  36  4:25  Zergling x2  
  41  4:40  Roach x4  
  41  4:45  Extractor  
  45  4:47  Extractor  
  42  4:54  Drone, Extractor  
  42  4:55  Drone x2  
  42  5:18  Roach  
  42  5:19  Roach x3  
  49  5:24  Drone x2  
  51  5:37  Drone x3  
  51  5:38  Drone  
  55  5:55  Overlord  
  55  5:56  Overlord  
  55  6:03  Metabolic Boost  
  55  6:10  Hydralisk Den  
  46  6:31  Roach x9  
  56  6:40  Drone  
  56  6:41  Drone x2  
  56  6:45  Drone  
  60  7:03  Drone  
  60  7:05  Drone x3  
  64  7:12  Drone x3  
  64  7:14  Hydralisk x2  
  71  7:20  Evolution Chamber  
  70  7:23  Evolution Chamber  
  70  7:28  Drone x3  
  72  7:30  Extractor  
  71  7:44  Hatchery  
  70  7:52  Zergling x4  
  70  7:56  Hatchery  
  71  8:00  Overlord x2  
  71  8:07  Zerg Missile Weapons Level 1  
  71  8:21  Zerg Ground Armor Level 1  
  71  8:22  Infestation Pit  
  71  8:25  Zergling x2  
  71  8:26  Zergling x20  
  81  8:34  Hydralisk  
  81  8:36  Hydralisk  
  85  8:58  Drone  
  85  9:01  Drone x2  
  77  9:30  Hydralisk x3  
  77  9:31  Hydralisk x8  
  83  9:38  Overlord x2  
  99  9:45  Hive  
  99  9:50  Overlord  
  99  9:51  Overlord  
  99  10:01  Zerg Missile Weapons Level 2  
  99  10:15  Zerg Ground Armor Level 2  
  99  10:18  Drone x3  
  99  10:20  Drone x2  
  99  10:21  Drone  
  105  10:24  Muscular Augments  
  79  10:48  Zergling x2  
  79  10:49  Zergling x30  
  77  11:07  Hatchery  
  76  11:20  Ultralisk Cavern  
  75  11:28  Hatchery  
  74  11:34  Hatchery  
  74  11:38  Drone x3  
  76  11:41  Drone x3  
  79  12:00  Lurker Den  
  79  12:06  Chitinous Plating  
  79  12:09  Overlord x4  
  79  12:11  Zergling x2  
  79  12:12  Zergling x22  
  71  12:36  Hydralisk  
  71  12:37  Hydralisk x9  
  61  12:41  Drone  
  81  12:44  Drone  
  81  12:45  Drone  
  81  12:46  Drone x2  
  81  12:48  Drone  
  65  13:15  Zergling x28  
  65  13:16  Zergling x14  
  54  13:49  Adrenal Glands  
  54  13:54  Zergling x2  
  54  13:55  Zergling x20  
  55  14:25  Zergling x18  
  55  14:26  Zergling x22  
  65  14:49  Zergling x26  
  65  14:50  Zergling x2  
  68  15:08  Extractor  
  68  15:10  Extractor  
  65  15:21  Zergling x24  
  66  15:22  Zergling x18  
  83  15:33  Zergling x12  
  27  16:35  Spawning Pool  
Tags
 
Add a new tag
Caveats
  • Supply blocks, unpowered buildings, or Contaminate may cause inaccurate times.
  • Supply counts are checked every 10 seconds.